TOP OF THE 1ST |
Jupiter Hammerheads batting - Pitching for Rancho Cucamonga Quakes : RHP Mike Richardson
|
Pitching: RHP Mike Richardson
|
|
Batting: LHB David Doge
|
0-0: Swinging Strike 0-1: Fly out, F8 (Line Drive, 8RD, EV 93.1 MPH)
|
Batting: RHB Nick Dunton
|
0-0: Ball 1-0: Foul Ball, location: 2F 1-1: Fly out, F8 (Flyball, 8LD, EV 102.5 MPH)
|
Batting: RHB Manuel Taveras
|
0-0: Fly out, F9 (Flyball, 9D, EV 98.8 MPH)
|
Top of the 1st over - 0 runs, 0 hits, 0 errors, 0 left on base; Jupiter 0 - Rancho Cucamonga 0 |
BOTTOM OF THE 1ST |
Rancho Cucamonga Quakes batting - Pitching for Jupiter Hammerheads : RHP Jorge Lopez
|
Pitching: RHP Jorge Lopez
|
|
Batting: RHB Daniel Samano
|
0-0: Called Strike 0-1: Foul Ball, location: 2F 0-2: SINGLE (Groundball, 6M, EV 110.6 MPH) (infield hit)
|
Batting: RHB John Piccolo
|
0-0: DOUBLE (Flyball, 8RXD, EV 103.1 MPH) Daniel Samano to third
|
Batting: RHB Jorge Benites
|
0-0: Ball 1-0: Called Strike 1-1: Ball 2-1: Ball Wild Pitch! Daniel Samano scores John Piccolo to third 3-1: Foul Ball, location: 2F 3-2: Fly out, F8 (Line Drive, 8LD, EV 93.1 MPH) Runner from 3rd tags up, SCORES, throw by CF
|
Batting: RHB Ryan Alban
|
0-0: Ball 1-0: Called Strike 1-1: Foul Ball, location: 2F 1-2: Ball 2-2: Foul Ball, location: 2F 2-2: Ball 3-2: Ground out 6-3 (Groundball, 6, EV 88.1 MPH)
|
Batting: RHB Steven Romanovsky
|
0-0: Swinging Strike 0-1: Foul Ball, location: 2F 0-2: Ball 1-2: Ball 2-2: Strikes out looking
|
Bottom of the 1st over - 2 runs, 2 hits, 0 errors, 0 left on base; Jupiter 0 - Rancho Cucamonga 2 |
TOP OF THE 2ND |
Jupiter Hammerheads batting - Pitching for Rancho Cucamonga Quakes : RHP Mike Richardson
|
Batting: SHB Matt Moore
|
0-0: Swinging Strike 0-1: Foul Ball, location: 2F 0-2: Foul Ball, location: 2F 0-2: Ball 1-2: Fly out, F7 (Flyball, 7, EV 86.2 MPH)
|
Batting: RHB Nate Crofts
|
0-0: Ball 1-0: Foul Ball, location: 2F 1-1: Ball 2-1: Ball 3-1: Base on Balls
|
Batting: RHB Jim Fisher
|
0-0: Ball 1-0: Ball 2-0: Ball 3-0: Called Strike 3-1: Foul Ball, location: 2F 3-2: Strikes out swinging
|
Batting: LHB Jose Cabello
|
0-0: Ball 1-0: Called Strike 1-1: Ball 2-1: Foul Ball, location: 2F 2-2: Ground out U3 (Groundball, 34, EV 83.1 MPH)
|
Top of the 2nd over - 0 runs, 0 hits, 0 errors, 1 left on base; Jupiter 0 - Rancho Cucamonga 2 |
BOTTOM OF THE 2ND |
Rancho Cucamonga Quakes batting - Pitching for Jupiter Hammerheads : RHP Jorge Lopez
|
Batting: RHB Tommie Lee
|
0-0: Ground out 5-3 (Groundball, 56, EV 100.0 MPH)
|
Batting: SHB Justin Toth
|
0-0: DOUBLE (Groundball, 3L, EV 105.6 MPH)
|
Batting: RHB Jim Rogers
|
0-0: Ball 1-0: Ball 2-0: Called Strike 2-1: Ball 3-1: Base on Balls
|
Batting: RHB Mike Dodson
|
0-0: Ball 1-0: Foul Ball, location: 2F 1-1: Called Strike 1-2: Ball 2-2: Foul Ball, location: 2F 2-2: Ball 3-2: Foul Ball, location: 2F 3-2: Foul Ball, location: 2F 3-2: Strikes out swinging
|
Batting: RHB Daniel Samano
|
0-0: Called Strike 0-1: Ball 1-1: TRIPLE (Line Drive, 89XD, EV 101.9 MPH) Justin Toth scores Jim Rogers scores
|
Batting: RHB John Piccolo
|
0-0: Called Strike 0-1: Called Strike 0-2: Strikes out looking
|
Bottom of the 2nd over - 2 runs, 2 hits, 0 errors, 1 left on base; Jupiter 0 - Rancho Cucamonga 4 |
TOP OF THE 3RD |
Jupiter Hammerheads batting - Pitching for Rancho Cucamonga Quakes : RHP Mike Richardson
|
Batting: RHB Dennis Coppolino
|
0-0: Ball 1-0: Swinging Strike 1-1: Swinging Strike 1-2: Ball 2-2: Ball 3-2: Strikes out swinging
|
Batting: RHB Pat Proctor
|
0-0: Ball 1-0: Swinging Strike 1-1: Ball 2-1: Foul Ball, location: 2F 2-2: Strikes out looking
|
Batting: LHB David Doge
|
0-0: Foul Ball, location: 2F 0-1: Ball 1-1: Ball 2-1: Foul Ball, location: 2F 2-2: Fly out, F9 (Flyball, 9LM, EV 90.0 MPH)
|
Top of the 3rd over - 0 runs, 0 hits, 0 errors, 0 left on base; Jupiter 0 - Rancho Cucamonga 4 |
BOTTOM OF THE 3RD |
Rancho Cucamonga Quakes batting - Pitching for Jupiter Hammerheads : RHP Jorge Lopez
|
Batting: RHB Jorge Benites
|
0-0: Ball 1-0: Swinging Strike 1-1: Ball 2-1: Called Strike 2-2: Ball 3-2: Foul Ball, location: 2F 3-2: DOUBLE (Line Drive, 9LS, EV 95.6 MPH)
|
Batting: RHB Ryan Alban
|
0-0: Foul Ball, location: 2F 0-1: Called Strike 0-2: Foul Ball, location: 2F 0-2: Ground out 5-3 (Groundball, 5, EV 103.8 MPH)
|
Batting: RHB Steven Romanovsky
|
0-0: Ball 1-0: SINGLE (Line Drive, 6D, EV 103.8 MPH) Jorge Benites to third
|
Batting: RHB Tommie Lee
|
0-0: Ball 1-0: Ball 2-0: Foul Ball, location: 2F 2-1: Foul Ball, location: 2F 2-2: Ball 3-2: Foul Ball, location: 2F 3-2: Grounds into double play, 5-4-3 (Groundball, 56, EV 105.0 MPH)
|
Bottom of the 3rd over - 0 runs, 2 hits, 0 errors, 1 left on base; Jupiter 0 - Rancho Cucamonga 4 |
TOP OF THE 4TH |
Jupiter Hammerheads batting - Pitching for Rancho Cucamonga Quakes : RHP Mike Richardson
|
Batting: RHB Nick Dunton
|
0-0: Called Strike 0-1: Swinging Strike 0-2: Ball 1-2: Strikes out swinging
|
Batting: RHB Manuel Taveras
|
0-0: Called Strike 0-1: Ball 1-1: Foul Ball, location: 2F 1-2: Ball 2-2: Ground out 6-3 (Groundball, 6, EV 104.4 MPH)
|
Batting: SHB Matt Moore
|
0-0: Ball 1-0: Foul Ball, location: 2F 1-1: Foul Ball, location: 2F 1-2: Strikes out swinging
|
Top of the 4th over - 0 runs, 0 hits, 0 errors, 0 left on base; Jupiter 0 - Rancho Cucamonga 4 |
BOTTOM OF THE 4TH |
Rancho Cucamonga Quakes batting - Pitching for Jupiter Hammerheads : RHP Jorge Lopez
|
Batting: SHB Justin Toth
|
0-0: Hit by Pitch
|
Batting: RHB Jim Rogers
|
0-0: Foul Ball, location: 2F 0-1: Foul Ball, location: 2F 0-2: Foul Ball, location: 2F 0-2: Fielders Choice at 2nd, 5-4 (Groundball, 5L, EV 83.8 MPH)
|
Batting: RHB Mike Dodson
|
0-0: Called Strike 0-1: Ball 1-1: Called Strike Jim Rogers is caught stealing 2nd base 2-4 1-2: Foul Ball, location: 2F 1-2: Ball 2-2: Ball 3-2: Foul Ball, location: 2F 3-2: SINGLE (Groundball, 56S, EV 63.8 MPH) (infield hit)
|
Batting: RHB Daniel Samano
|
0-0: Ball Mike Dodson steals 2nd, throwing error, E2 Mike Dodson to third 1-0: Fly out, F8 (Line Drive, 8LS, EV 86.2 MPH)
|
Bottom of the 4th over - 0 runs, 1 hit, 1 error, 1 left on base; Jupiter 0 - Rancho Cucamonga 4 |
TOP OF THE 5TH |
Jupiter Hammerheads batting - Pitching for Rancho Cucamonga Quakes : RHP Mike Richardson
|
Batting: RHB Nate Crofts
|
0-0: Called Strike 0-1: Called Strike 0-2: Foul Ball, location: 2F 0-2: Fly out, F3 (Popup, 23F, EV 83.8 MPH)
|
Batting: RHB Jim Fisher
|
0-0: Called Strike 0-1: Ball 1-1: Ball 2-1: Swinging Strike 2-2: Strikes out swinging
|
Batting: LHB Jose Cabello
|
0-0: Ball 1-0: Called Strike 1-1: Swinging Strike 1-2: Strikes out looking
|
Top of the 5th over - 0 runs, 0 hits, 0 errors, 0 left on base; Jupiter 0 - Rancho Cucamonga 4 |
BOTTOM OF THE 5TH |
Rancho Cucamonga Quakes batting - Pitching for Jupiter Hammerheads : RHP Jorge Lopez
|
Batting: RHB John Piccolo
|
0-0: Called Strike 0-1: Called Strike 0-2: Ball 1-2: Foul Ball, location: 2F 1-2: Ball 2-2: Strikes out swinging
|
Pitching: LHP Melvin Castro
|
|
Batting: RHB Jorge Benites
|
0-0: Called Strike 0-1: Ball 1-1: Ball 2-1: Ball 3-1: Called Strike 3-2: Ground out 4-3 (Groundball, 4, EV 106.2 MPH)
|
Batting: RHB Ryan Alban
|
0-0: Ball 1-0: Ball 2-0: SOLO HOME RUN (Flyball, 7D, EV 103.8 MPH), Distance : 376 ft
|
Batting: RHB Steven Romanovsky
|
0-0: Ball 1-0: Ground out 6-3 (Groundball, 6, EV 82.5 MPH)
|
Bottom of the 5th over - 1 run, 1 hit, 0 errors, 0 left on base; Jupiter 0 - Rancho Cucamonga 5 |
TOP OF THE 6TH |
Jupiter Hammerheads batting - Pitching for Rancho Cucamonga Quakes : RHP Mike Richardson
|
Pitching: RHP Nobuharu Kobayashi
|
|
Batting: RHB Dennis Coppolino
|
0-0: Called Strike 0-1: Swinging Strike 0-2: Foul Ball, location: 2F 0-2: Strikes out looking
|
Batting: RHB Pat Proctor
|
0-0: Swinging Strike 0-1: Swinging Strike 0-2: Strikes out swinging
|
Batting: LHB David Doge
|
0-0: Called Strike 0-1: Swinging Strike 0-2: Strikes out swinging
|
Top of the 6th over - 0 runs, 0 hits, 0 errors, 0 left on base; Jupiter 0 - Rancho Cucamonga 5 |
BOTTOM OF THE 6TH |
Rancho Cucamonga Quakes batting - Pitching for Jupiter Hammerheads : LHP Melvin Castro
|
Batting: RHB Tommie Lee
|
0-0: Ball 1-0: Called Strike 1-1: Swinging Strike 1-2: Strikes out swinging
|
Batting: SHB Justin Toth
|
0-0: Called Strike 0-1: Ball 1-1: Reached on error, E5 (Groundball, 56S, EV 89.4 MPH)
|
Batting: RHB Jim Rogers
|
0-0: Ball 1-0: Called Strike 1-1: Ball 2-1: Swinging Strike 2-2: Foul Ball, location: 2F 2-2: Ground out 6-3 (Groundball, 6M, EV 101.9 MPH) Justin Toth to third
|
Batting: RHB Mike Dodson
|
0-0: Ball 1-0: Called Strike 1-1: Fly out, F7 (Flyball, 78S, EV 82.5 MPH)
|
Bottom of the 6th over - 0 runs, 0 hits, 1 error, 1 left on base; Jupiter 0 - Rancho Cucamonga 5 |
TOP OF THE 7TH |
Jupiter Hammerheads batting - Pitching for Rancho Cucamonga Quakes : RHP Nobuharu Kobayashi
|
Batting: RHB Nick Dunton
|
0-0: Called Strike 0-1: Foul Ball, location: 2F 0-2: Strikes out swinging
|
Batting: RHB Manuel Taveras
|
0-0: Called Strike 0-1: Called Strike 0-2: Strikes out swinging
|
Batting: SHB Matt Moore
|
0-0: Called Strike 0-1: Foul Ball, location: 2F 0-2: Ball 1-2: Strikes out swinging
|
Top of the 7th over - 0 runs, 0 hits, 0 errors, 0 left on base; Jupiter 0 - Rancho Cucamonga 5 |
BOTTOM OF THE 7TH |
Rancho Cucamonga Quakes batting - Pitching for Jupiter Hammerheads : LHP Melvin Castro
|
Batting: RHB Daniel Samano
|
0-0: Foul Ball, location: 2F 0-1: Ball 1-1: Fly out, F7 (Line Drive, 78D, EV 92.5 MPH)
|
Batting: RHB John Piccolo
|
0-0: Called Strike 0-1: Ball 1-1: Swinging Strike 1-2: Strikes out looking
|
Batting: RHB Jorge Benites
|
0-0: Swinging Strike 0-1: Ball 1-1: SINGLE (Groundball, 4M, EV 106.9 MPH) (infield hit)
|
Pitching: LHP Bryan Wedge
|
|
Batting: RHB Ryan Alban
|
0-0: Called Strike 0-1: Ball 1-1: Foul Ball, location: 2F 1-2: Ball 2-2: Strikes out swinging
|
Bottom of the 7th over - 0 runs, 1 hit, 0 errors, 1 left on base; Jupiter 0 - Rancho Cucamonga 5 |
TOP OF THE 8TH |
Jupiter Hammerheads batting - Pitching for Rancho Cucamonga Quakes : RHP Nobuharu Kobayashi
|
Batting: RHB Nate Crofts
|
0-0: Swinging Strike 0-1: Foul Ball, location: 2F 0-2: Ball 1-2: Strikes out swinging
|
Batting: RHB Jim Fisher
|
0-0: Called Strike 0-1: Foul Ball, location: 2F 0-2: Strikes out swinging
|
Batting: LHB Jose Cabello
|
0-0: SINGLE (Flyball, 78S, EV 94.4 MPH)
|
Batting: RHB Dennis Coppolino
|
0-0: Fielders Choice at 2nd, 5-4 (Groundball, 5, EV 88.8 MPH)
|
Top of the 8th over - 0 runs, 1 hit, 0 errors, 1 left on base; Jupiter 0 - Rancho Cucamonga 5 |
BOTTOM OF THE 8TH |
Rancho Cucamonga Quakes batting - Pitching for Jupiter Hammerheads : LHP Bryan Wedge
|
Batting: RHB Steven Romanovsky
|
0-0: Ball 1-0: Foul Ball, location: 2F 1-1: Ball 2-1: Foul Ball, location: 2F 2-2: Strikes out swinging
|
Batting: RHB Tommie Lee
|
0-0: Ball 1-0: Called Strike 1-1: Fly out, F6 (Line Drive, 6, EV 65.0 MPH)
|
Batting: SHB Justin Toth
|
0-0: Ball 1-0: Swinging Strike 1-1: Called Strike 1-2: Foul Ball, location: 2F 1-2: Strikes out swinging
|
Bottom of the 8th over - 0 runs, 0 hits, 0 errors, 0 left on base; Jupiter 0 - Rancho Cucamonga 5 |
TOP OF THE 9TH |
Jupiter Hammerheads batting - Pitching for Rancho Cucamonga Quakes : RHP Nobuharu Kobayashi
|
Batting: RHB Pat Proctor
|
0-0: Ground out 6-3 (Groundball, 56, EV 88.8 MPH)
|
Batting: LHB David Doge
|
0-0: Called Strike 0-1: Ground out 5-3 (Groundball, 56, EV 101.9 MPH)
|
Batting: RHB Nick Dunton
|
0-0: Called Strike 0-1: Ball 1-1: Called Strike 1-2: Foul Ball, location: 2F 1-2: Ball 2-2: Ball 3-2: Foul Ball, location: 2F 3-2: Base on Balls
|
Pitching: RHP Jon Schau
|
|
Batting: RHB Manuel Taveras
|
0-0: Swinging Strike 0-1: Called Strike 0-2: Ground out 4-3 (Groundball, 34, EV 81.9 MPH)
|
Top of the 9th over - 0 runs, 0 hits, 0 errors, 1 left on base; Jupiter 0 - Rancho Cucamonga 5 |
|